 Dungeon Crawl Stone Soup version 0.29-a0-541-gaf1fc19f1b (webtiles) character file.

Game seed: 14360176098564066552

10852 runemasterragnar the Destroyer (level 11, -2/94 HPs)
             Began as a Red Draconian Conjurer on June 3, 2022.
             Was a Believer of Vehumet.
             Killed by refrigeration
             ... invoked by Fannar
              (29 damage)
             ... on level 1 of the Lair of Beasts.
             The game lasted 00:37:47 (14890 turns).

runemasterragnar the Destroyer (DrCj)              Turns: 14890, Time: 00:37:47

Health: -2/94      AC: 10    Str: 13    XL:     11   Next: 41%
Magic:  8/21       EV: 13    Int: 28    God:    Vehumet [**....]
Gold:   585        SH:  0    Dex:  9    Spells: 15/24 levels left

rFire   + . .      SeeInvis .   J - staff of earth
rCold   . . .      Faith    +   (no shield)
rNeg    . . .      Spirit   .   (body armour unavailable)
rPois   .          Reflect  .   (helmet restricted)
rElec   .          Harm     .   h - +0 cloak
rCorr   .          Rampage  .   (no gloves)
Will    .....                   j - +1 pair of boots
Stlth   +++.......              o - amulet of faith
HPRegen 0.25/turn               b - +6 ring of intelligence
MPRegen 0.17/turn               (no ring)

@: no status effects
A: breathe fire, AC +7, unfitting armour, fire resistance 1, cold-blooded,
talons 1, strong 1
a: Breathe Fire, Renounce Religion


You were on level 1 of the Lair of Beasts.
You worshipped Vehumet.
Vehumet was pleased with you.
You visited 3 branches of the dungeon, and saw 12 of its levels.
You also visited: Bailey.

You collected 640 gold pieces.
You spent 55 gold pieces at shops.

Inventory:

Hand Weapons
 f - a +1 quarterstaff
Missiles
 u - 133 stones
 G - a throwing net
Armour
 h - a +0 cloak (worn)
 j - a +1 pair of boots (worn)
Magical Staves
 J - a staff of earth (weapon)
Jewellery
 b - a +6 ring of intelligence (left hand)
 o - an amulet of faith (around neck)
 q - an amulet of regeneration
 s - a ring of fire
 E - a ring of resist corrosion
Wands
 w - a wand of polymorph (12)
 y - a wand of flame (26)
 z - a wand of paralysis (14)
 A - a wand of iceblast (17)
Scrolls
 c - 3 scrolls of enchant weapon
 d - 2 scrolls of magic mapping
 l - 2 scrolls of enchant armour
 n - a scroll of brand weapon {unknown}
 p - a scroll of vulnerability {unknown}
 r - a scroll of fog
 t - 4 scrolls of teleportation
 B - a scroll of summoning {unknown}
 F - a scroll of amnesia {unknown}
 H - a scroll of identify
 I - a scroll of blinking
Potions
 e - 2 potions of cancellation
 g - 3 potions of attraction
 i - 4 potions of brilliance
 k - a potion of curing
 m - 2 potions of might
 v - 4 potions of mutation
 x - a potion of ambrosia
 C - 3 potions of flight
 D - a potion of heal wounds


   Skills:
 + Level 8.0 Fighting
 + Level 6.9 Dodging
 + Level 7.6 Stealth
 + Level 7.1 Spellcasting
 - Level 9.7 Conjurations
 * Level 5.8 Earth Magic


You had 15 spell levels left.
You knew the following spells:

 Your Spells              Type           Power      Damage    Failure   Level
a - Magic Dart            Conj           100%       1d8       1%          1
b - Searing Ray           Conj           100%       2d8       1%          2
c - Stone Arrow           Conj/Erth      100%       3d13      1%          3
d - Scorch                Fire           18%        2d6       9%          2
e - Sandblast             Erth           100%       2d20      1%          1

Your spell library contained the following spells:

 Spells                   Type           Power      Damage    Failure   Level
 Passwall                 Tmut/Erth      32%        N/A       2%          2
 Dazzling Flash           Conj/Hex       74%        N/A       2%          3
 Mephitic Cloud           Conj/Pois/Air  28%        N/A       4%          3
 Slow                     Hex            36%        N/A       5%          1
 Fulminant Prism          Conj/Hex       18%        3d11      8%          4
 Iskenderun's Mystic Bla  Conj/Tloc      37%        2d9       8%          4
 Ensorcelled Hibernation  Hex/Ice        18%        N/A       9%          2
 Confusing Touch          Hex            9%         N/A       16%         3
 Ignite Poison            Fire/Tmut/Pois 9%         N/A       16%         3
 Swiftness                Air            9%         N/A       16%         3
 Vampiric Draining        Necr           9%         2d6       16%         3
 Freezing Cloud           Conj/Ice/Air   14%        6-21      36%         5
 Borgnjor's Vile Clutch   Necr/Erth      19%        N/A       41%         5
 Animate Dead             Necr           9%         N/A       47%         4
 Passage of Golubria      Tloc           9%         N/A       47%         4
 Silence                  Hex/Air        4%         N/A       83%         5
 Death Channel            Necr           4%         N/A       100%        6
 Lehudib's Crystal Spear  Conj/Erth      34%        10d9      100%        8


Dungeon Overview and Level Annotations

Branches:
Dungeon (10/15)            Temple (1/1) D:5            Lair (1/6) D:10
    Orc (0/2) D:9          Bailey (visited)

Altars:
Ashenzari
Cheibriados
Dithmenos
Elyvilon
Fedhas
Gozag
Hepliaklqana
Kikubaaqudgha
Makhleb
Nemelex Xobeh
Qazlal
Ru
Sif Muna
Trog
Uskayaw
Vehumet
Wu Jian
Xom
Yredelemnul
Zin
The Shining One

Shops:
D:1 [   D:8 !

Annotations:
D:6 2 transporters, bulbasaur's ghost, novice DEFE
Lair:1 Fannar


Innate Abilities, Weirdness & Mutations

You can breathe blasts of fire.
Your fiery red scales are hard. (AC +7)
You cannot fit into any form of body armour.
Your flesh is heat resistant. (rF+)
You are cold-blooded and may be slowed by cold attacks.
You have sharp toenails.
Your muscles are strong. (Str +2)


Message History

Casting: Stone Arrow (safe; 1% risk of failure)
Confirm with . or Enter, or press ? or * to list all spells.
Aiming: Stone Arrow (safe; 1% risk of failure)
Press: ? - help, Shift-Dir - straight line, f/p - Fannar
Aim: Fannar, wielding a staff of cold and wearing a +2 robe of cold resistance (heavily wounded, fast, 63% to hit)
You feel a surge of power!
The stone arrow misses Fannar.
Fannar hits you but does no damage. Fannar freezes you!
Fannar barely misses you.
Unknown command.
Unknown command.
Casting: Stone Arrow (safe; 1% risk of failure)
Confirm with . or Enter, or press ? or * to list all spells.
Aiming: Stone Arrow (safe; 1% risk of failure)
Press: ? - help, Shift-Dir - straight line, f/p - Fannar
Aim: Fannar, wielding a staff of cold and wearing a +2 robe of cold resistance (heavily wounded, fast, 63% to hit)
You feel a surge of power!
The stone arrow hits Fannar!
Fannar is heavily wounded.
You feel yourself speed up. Fannar hits you but does no damage.
Fannar freezes you!
You feel yourself slow down. Fannar misses you.
Unknown command.
Casting: Stone Arrow (safe; 1% risk of failure)
Confirm with . or Enter, or press ? or * to list all spells.
Aiming: Stone Arrow (safe; 1% risk of failure)
Press: ? - help, Shift-Dir - straight line, f/p - Fannar
Aim: Fannar, wielding a staff of cold and wearing a +2 robe of cold resistance (heavily wounded, fast, 63% to hit)
You feel a surge of power!
The stone arrow misses Fannar.
Fannar hits you with a staff of cold. Fannar freezes you!
Fannar points at you and mumbles some strange words.
The bolt of cold hits you!!
* * * LOW HITPOINT WARNING * * *
Fannar hits you with a staff of cold.
* * * LOW HITPOINT WARNING * * *
Fannar freezes you.
* * * LOW HITPOINT WARNING * * *
You feel much better.
You feel yourself speed up.
Fannar gestures wildly while chanting.
Fannar drains the heat from the surrounding environment!
You die...

.# ##...##..# **,****,,,**,,*
##*###P.....>#* **,,* **,,,,,,*
.,...........## *,,#* ****,,,,,*
.....##.......# *##.# *,*,,,*,,,
....#*###.....###...#****,,*,,**,
....,* ##.......#*,,**,,**,,,***
,..,,***#.......##***,,,*****,,*,
,*,,,,..>.....#e### **,** *,,,,
,,,,,........##.@.# *,,,*****,,*,
*,,,,........##..##**,,>,,,,,,***
,,,,*###....####..,**,,,,,,,,** *
,,,*** ##...***..#.,,,****,,,,***
,,,,,* #...,*,.##.#,,** **,,,,,*
,,*,,***#..,,,##***.,,,***,,,,***
,,**,,**,*,,,****,*##**,,,,,,**
,****,,,,,,,,,**∩,,,***,,,,*** *
,,,***,,,,,,,,***,,,,,*,,,** ***


You could see Fannar (fast).

Vanquished Creatures
  An entropy weaver (shapeshifter) (D:9)
  A tengu warrior (D:9)
  A cyclops (D:9)
  An unseen horror (D:8)
  A troll (D:9)
  Prince Ribbit (Bailey)
  A wyvern (D:10)
  A vampire (D:9)
  7 yaks
  8 humans (Bailey)
  3 basilisks (Lair:1)
  3 steam dragons
  4 vampire mosquitoes (D:6)
  7 water moccasins
  An orc warrior (Bailey)
  2 ice beasts
  A sky beast (D:6)
  2 black bears
  2 ogres
  3 centaurs
  2 phantoms (D:7)
  2 kobold brigands (D:6)
  11 bullfrogs
  A necrophage (D:7)
  A scorpion (D:5)
  9 wights
  10 killer bees
  6 howler monkeys
  2 jellies
  Crazy Yiuf (D:2)
  3 orc priests
  5 hounds
  A gnoll shaman (D:6)
  4 iguanas
  Terence (D:2)
  3 orc wizards
  9 gnolls
  10 adders
  A shadow imp (D:5)
  3 white imps
  An ufetubus (D:5)
  5 worms
  25 orcs
  8 endoplasms
  4 giant cockroaches
  12 goblins
  12 hobgoblins
  4 jackals
  16 kobolds
  3 quokkas
  3 ball pythons
  6 bats
  7 frilled lizards
  7 rats
249 creatures vanquished.

Vanquished Creatures (others)
  10 fungi
  30 plants
  3 toadstools (Lair:1)
43 creatures vanquished.

Grand Total: 292 creatures vanquished

Notes
Turn   | Place    | Note
-------+----------+-------------------------------------------
     0 | D:1      | runemasterragnar the Draconian Conjurer began the quest for
                  | the Orb.
     0 | D:1      | Reached XP level 1. HP: 14/14 MP: 3/3
   563 | D:1      | Found Dotoafre's Armour Emporium.
   568 | D:1      | Reached XP level 2. HP: 22/22 MP: 5/5
   589 | D:1      | Learned a level 2 spell: Searing Ray
  1429 | D:2      | Noticed Terence
  1621 | D:2      | Reached XP level 3. HP: 25/27 MP: 1/6
  1706 | D:2      | Killed Terence
  1707 | D:2      | Reached skill level 1 in Fighting
  1846 | D:2      | Reached XP level 4. HP: 35/35 MP: 1/7
  2252 | D:2      | Found a runed translucent door.
  2253 | D:2      | Noticed Crazy Yiuf
  2647 | D:2      | Killed Crazy Yiuf
  2778 | D:3      | Reached skill level 5 in Conjurations
  2952 | D:3      | Reached XP level 5. HP: 41/41 MP: 7/9
  4236 | D:4      | Found a hide-covered altar of Uskayaw.
  4250 | D:4      | Reached XP level 6. HP: 29/48 MP: 7/10
  4671 | D:5      | Entered Level 5 of the Dungeon
  4818 | D:5      | Noticed an ice beast
  4833 | D:5      | Killed an ice beast
  4974 | D:5      | Reached skill level 6 in Conjurations
  4974 | D:5      | Your scales start taking on a fiery red colour.
  4974 | D:5      | Reached XP level 7. HP: 56/56 MP: 1/12
  4974 | D:5      | Gained mutation: Your flesh is heat resistant. (rF+) [Red
                  | Draconian growth]
  4987 | D:5      | Found a staircase to the Ecumenical Temple.
  5028 | Temple   | Entered the Ecumenical Temple
  5397 | D:5      | Noticed a steam dragon
  5416 | D:5      | Killed a steam dragon
  5979 | D:5      | Found a snail-covered altar of Cheibriados.
  6165 | D:5      | Reached XP level 8. HP: 66/66 MP: 7/13
  6170 | D:5      | Gained mutation: Your muscles are strong. (Str +2) [potion
                  | of mutation]
  6170 | D:5      | Gained mutation: You have sharp toenails. [potion of
                  | mutation]
  6200 | D:5      | Reached skill level 7 in Conjurations
  6513 | D:6      | Found a stormy altar of Qazlal.
  6743 | D:6      | Reached skill level 5 in Stealth
  6743 | D:6      | Reached skill level 8 in Conjurations
  6993 | D:6      | Reached skill level 5 in Fighting
  6993 | D:6      | Reached XP level 9. HP: 67/74 MP: 7/16
  7466 | D:6      | Found a transporter.
  7466 | D:6      | Noticed bulbasaur's ghost (novice DEFE)
  7470 | D:6      | Found a transporter.
  7627 | D:7      | Found a radiant altar of Vehumet.
  7930 | D:7      | Reached skill level 5 in Spellcasting
  8122 | D:7      | Found a glowing silver altar of Zin.
  8413 | D:7      | Became a worshipper of Vehumet
  8683 | D:7      | Reached skill level 5 in Dodging
  8908 | D:8      | Found a flagged portal.
  8924 | Bailey   | Entered a bailey
  8978 | Bailey   | Reached skill level 9 in Conjurations
  9761 | Bailey   | Reached * piety under Vehumet
  9761 | Bailey   | Offered knowledge of Shock by Vehumet.
  9767 | Bailey   | Reached XP level 10. HP: 26/83 MP: 10/18
  9973 | Bailey   | Noticed Prince Ribbit
 10176 | Bailey   | Killed Prince Ribbit
 10215 | Bailey   | Noticed a vault guard
 10660 | D:8      | Learned a level 3 spell: Stone Arrow
 10893 | D:8      | Reached skill level 1 in Earth Magic
 11042 | D:8      | Found a sparkling altar of Nemelex Xobeh.
 11401 | D:8      | Found Cuylawn's Distillery.
 11414 | D:8      | Bought a potion of heal wounds for 55 gold pieces
 11591 | D:9      | Offered knowledge of Scorch by Vehumet.
 11594 | D:9      | Reached ** piety under Vehumet
 11598 | D:9      | Learned a level 2 spell: Scorch
 11831 | D:9      | Noticed a cyclops
 11836 | D:9      | Killed a cyclops
 11920 | D:9      | Found a staircase to the Orcish Mines.
 12062 | D:9      | Found a basalt altar of Yredelemnul.
 12141 | D:9      | Noticed a tengu warrior
 12149 | D:9      | Killed a tengu warrior
 12438 | D:9      | Noticed an ice dragon
 12472 | D:10     | Entered Level 10 of the Dungeon
 12571 | D:10     | Found a staircase to the Lair.
 12624 | D:10     | Reached XP level 11. HP: 77/92 MP: 17/21
 13013 | D:10     | Learned a level 1 spell: Sandblast
 13084 | D:8      | Reached skill level 5 in Earth Magic
 13580 | D:9      | Noticed an eight-headed hydra
 13581 | D:9      | Noticed an entropy weaver
 13581 | D:9      | an eight-headed hydra changed into an entropy weaver
 13586 | D:9      | Killed an entropy weaver
 13760 | D:10     | Found a broken altar of Ashenzari.
 14371 | Lair:1   | Entered Level 1 of the Lair of Beasts
 14879 | Lair:1   | Noticed Fannar
 14889 | Lair:1   | HP: 4/94 [Fannar/staff of cold (2)]
 14890 | Lair:1   | Killed from afar by Fannar

Illustrated notes

Levels and vault maps discovered:
D:1:      arrival_zaba_pyramid, layout_loops_ring, serial_shops,
          nicolae_shop_temple_entry_statues_fountains, lemuel_old_faithful
D:2:      layout_loops_cross, uniq_terence, uniq_crazy_yiuf_cottage
D:3:      layout_loops_cross, minmay_stone_trees_small
D:4:      layout_gridville, lemuel_doored_altar, serial_bayou_pond_c
D:5:      layout_basic, mainiacjoe_overflow_boulevard,
          minmay_temple_entry_crystal_x, minmay_diced_spiral
D:6:      layout_loops_ring, mainiacjoe_overflow_tiny_flanked,
          gammafunk_ghost_smash
D:7:      layout_basic, mainiacjoe_overflow_alcove_1, nicolae_vehumet_radiance,
          chequers_serial_rivers_room_b
D:8:      layout_cave_pools, nemelex_spade_bored_becter, serial_shops, shop,
          enter_bailey_7, grunt_ministairs_10
D:9:      nzn_winding_woodlands_small [nzn_winding_woodlands_5x15_crooked,
          nzn_winding_woodlands_center_lodge,
          nzn_winding_woodlands_5x15_lazy_stream], layout_loops_cross,
          general_overflow_altar, mainiacjoe_overflow_surrounded_room
D:10:     layout_gridville, lemuel_crystal_altar, dpeg_oklobed_lair
Temple:   nicolae_temple_god_jail
Lair:1:   gammafunk_lair_enchanted_lake, layout_layer_cave, enter_volcano_2,
          beast_lair_carwin_4, uniq_fannar, uniq_joseph

Skill      XL: |  1  2  3  4  5  6  7  8  9 10 11 |
---------------+----------------------------------+-----
Stealth        | 2 3 4 5 6 7 |  7.6
Dodging        | 2 3 4 5 6 |  6.9
Fighting       | 1 2 3 5 6 7 8 |  8.0
Conjurations   | 5 6 8 9 |  9.7
Spellcasting   | 3 4 5 6 7 |  7.1
Earth Magic    | 4 5 |  5.8

Action                   |  1- 3 |  4- 6 |  7- 9 | 10-12 || total
-------------------------+-------+-------+-------+-------++-------
Melee: Hand axe          |    28 |       |       |       ||    28
       Unarmed           |    10 |       |    14 |       ||    24
       Tailslap          |    10 |     9 |    15 |     5 ||    39
       Quarterstaff      |    34 |   115 |   104 |    46 ||   299
 Cast: Magic Dart        |    40 |    95 |    33 |    19 ||   187
       Searing Ray       |     2 |     7 |    28 |     9 ||    46
       Stone Arrow       |       |       |       |    92 ||    92
       Sandblast         |       |       |       |     2 ||     2
 Abil: Breathe Fire      |       |       |    23 |    31 ||    54
Evoke: Wand              |       |       |     5 |     6 ||    11
  Use: Scroll            |       |     8 |     5 |     9 ||    22
       Potion            |       |     2 |     4 |     4 ||    10
 Stab: Sleeping          |       |     1 |       |       ||     1
       Paralysed         |       |       |     3 |     2 ||     5
Armor: Skin              |    24 |    56 |   150 |    48 ||   278
Dodge: Dodged            |    65 |    93 |   156 |   120 ||   434

Table legend: (Time is in decaauts)
 A = Elapsed time spent in this place.
 B = Non-inter-level travel time spent in this place.
 C = Inter-level travel time spent in this place.
 D = Time resting spent in this place.
 E = Time spent auto-exploring this place.
 F = Levels seen in this place.
 G = Mean time per level.
                   A        B        C        D        E       F      G
               +--------+--------+--------+--------+--------+-----+--------+
         Total |  14981 |  14258 |    723 |   2475 |   9500 |  13 | 1152.4 |
       Dungeon |  13411 |  12702 |    709 |   1489 |   9264 |  10 | 1341.1 |
        Temple |     87 |     73 |     14 |      0 |     63 |   1 |   87.0 |
          Lair |    136 |    136 |      0 |      0 |      0 |   1 |  136.0 |
        Bailey |   1346 |   1346 |      0 |    986 |    173 |   1 | 1346.0 |
               +--------+--------+--------+--------+--------+-----+--------+

Top non-repeatable levels by time:
    D:10: 1704 daAuts
     D:8: 1650 daAuts
     D:5: 1454 daAuts
     D:7: 1453 daAuts
     D:1: 1436 daAuts
     D:2: 1386 daAuts
  Bailey: 1346 daAuts
     D:4: 1196 daAuts
     D:6: 1072 daAuts
     D:9: 1045 daAuts
     D:3: 1010 daAuts
  Lair:1: 136 daAuts
  Temple: 87 daAuts
